 Dungeon Crawl Stone Soup version 0.29-a0-550-g81e455f4c2 (webtiles) character file.

Game seed: 3887181183066722050

6 Lekart the Sneak (level 1, -1/19 HPs)
             Began as a Draconian Delver on June 5, 2022.
             Slain by a kobold
             ... wielding a +0 whip
              (5 damage)
             ... on level 4 of the Dungeon.
             The game lasted 00:00:46 (257 turns).

Lekart the Sneak (Draconian Delver)                  Turns: 257, Time: 00:00:47

Health: -1/19      AC:  4    Str: 14    XL:     1   Next: 75%
Magic:  1/1        EV: 12    Int: 10    God:
Gold:   0          SH:  0    Dex: 12    Spells: 0/0 levels left

rFire   . . .      SeeInvis .   a - +1 hand axe
rCold   . . .      Faith    .   (no shield)
rNeg    . . .      Spirit   .   (body armour unavailable)
rPois   .          Reflect  .   (helmet restricted)
rElec   .          Harm     .   (no cloak)
rCorr   .          Rampage  .   (no gloves)
Will    .....                   (no boots)
Stlth   +++.......              (no amulet)
HPRegen 0.06/turn               (no ring)
MPRegen 0.07/turn               (no ring)

@: no status effects
A: AC +4, unfitting armour, cold-blooded
a: no special abilities


You were on level 4 of the Dungeon.
You visited 1 branch of the dungeon, and saw 3 of its levels.

Inventory:

Hand Weapons
 a - a +1 hand axe (weapon)
Wands
 f - a wand of digging (3)
Scrolls
 b - a scroll of fog
 c - a scroll of magic mapping
 d - a scroll of fear


   Skills:
 + Level 3.3 Fighting
 + Level 2.0 Axes
 + Level 1.8 Dodging
 + Level 4.7 Stealth


You couldn't memorise any spells.
You didn't know any spells.
Your spell library was empty.

Dungeon Overview and Level Annotations

Branches:
Dungeon (5/15)
 Temple: D:4-7

Altars:


Innate Abilities, Weirdness & Mutations

Your plain brown scales are hard. (AC +4)
You cannot fit into any form of body armour.
You are cold-blooded and may be slowed by cold attacks.


Message History

The jackal closely misses you.
The jackal bites you but does no damage.
The adder hisses angrily.
You hit the jackal but do no damage.
The jackal is almost dead.
The jackal barely misses you. x2
You closely miss the jackal.
The jackal is almost dead.
The jackal barely misses you. x2
You hit the jackal.
You kill the jackal!
You hit the adder but do no damage. The adder bites you but does no damage.
The jackal bites you. The adder bites you but does no damage.
You hit the jackal.
The jackal is almost dead.
You closely miss the adder.
The jackal bites you but does no damage.
The adder closely misses you.
You slash the jackal!
You kill the jackal!
You hit the kobold. You miss the adder. The adder barely misses you.
The kobold barely misses you. The jackal closely misses you.
The adder closely misses you. The kobold misses you.
You hit the jackal.
The jackal is lightly wounded.
You hit the adder but do no damage. You barely miss the kobold.
The jackal bites you but does no damage.
The adder misses you. The kobold completely misses you.
The jackal bites you but does no damage.
You hit the jackal but do no damage. You barely miss the kobold.
You barely miss the adder. The adder bites you but does no damage.
The jackal closely misses you. The kobold hits you with a +0 whip.
The adder bites you.
* * * LOW HITPOINT WARNING * * *
The jackal bites you.
* * * LOW HITPOINT WARNING * * *
Found 8 gold pieces.
Found a stone staircase leading up.
The jackal bites you but does no damage.
The kobold attacks as you move away! The kobold hits you with a +0 whip.
You die...

.........
#..###..# .......
..## ##.# ##
.#.##.# .## ##..
#...>#
....###...##
..........#
..........# #..
......KSh#†......
.......@hg.......
#................
<........#.......
........###....#.
........# ...##
......... .....
#.......# ....
##.$....#


You could see an adder, 2 jackals, a hobgoblin and a kobold.

Vanquished Creatures
  4 jackals
  A ball python (D:4)
5 creatures vanquished.

Notes
Turn   | Place    | Note
-------+----------+-------------------------------------------
     0 | D:5      | Lekart the Draconian Delver began the quest for the Orb.
     0 | D:5      | Reached XP level 1. HP: 19/19 MP: 1/1
   126 | D:3      | Noticed an orc wizard
   126 | D:3      | Noticed an orc priest
   127 | D:3      | Noticed an orc wizard
   128 | D:3      | Noticed an orc priest
   233 | D:5      | Noticed a phantom
   257 | D:4      | Slain by a kobold

Illustrated notes

Levels and vault maps discovered:
D:3:      layout_basic, wander_ebering_terrifying_dragon_lair, uniq_robin
D:4:      layout_cave_pools, kennysheep_donut
D:5:      layout_basic, mainiacjoe_overflow_catwalk

Action                   || total
-------------------------++-------
Melee: Hand axe          ||    19
  Use: Scroll            ||     2
       Potion            ||     1
 Stab: Sleeping          ||     1
Armor: Skin              ||    15
Dodge: Dodged            ||    29

Table legend: (Time is in decaauts)
 A = Elapsed time spent in this place.
 B = Non-inter-level travel time spent in this place.
 C = Inter-level travel time spent in this place.
 D = Time resting spent in this place.
 E = Time spent auto-exploring this place.
 F = Levels seen in this place.
 G = Mean time per level.
                   A        B        C        D        E       F      G
               +--------+--------+--------+--------+--------+-----+--------+
         Total |    244 |    244 |      0 |     74 |    101 |   3 |   81.3 |
       Dungeon |    244 |    244 |      0 |     74 |    101 |   3 |   81.3 |
               +--------+--------+--------+--------+--------+-----+--------+

Top non-repeatable levels by time:
     D:5: 159 daAuts
     D:4: 80 daAuts
     D:3: 5 daAuts
